SA
NEBRASKA PLAINSMEN @ DELAWARE 1787 BC
07/13/2029
 
TOP OF THE 1ST
Nebraska Plainsmen batting - Pitching for Delaware 1787 BC : LHP José Cotilla
Pitching: LHP José Cotilla
Batting: SHB Cyrille Baffi 0-0: Ground out 4-3 (Groundball, 4MD)
Batting: LHB Gerardo Ponce de Leon 0-0: Foul Ball, location: 2F
0-1: Swinging Strike
0-2: Ball
1-2: Strikes out swinging
Batting: SHB Allen Pandey 0-0: Swinging Strike
0-1: Swinging Strike
0-2: Foul Ball, location: 2F
0-2: Fly out, F7 (Flyball, 7S)
Top of the 1st over - 0 runs, 0 hits, 0 errors, 0 left on base; Nebraska 0 - Delaware 0
BOTTOM OF THE 1ST
Delaware 1787 BC batting - Pitching for Nebraska Plainsmen : RHP Liam Thomson
Pitching: RHP Liam Thomson
Batting: RHB Jesús Guzmán 0-0: Ball
1-0: Ball
2-0: Ball
3-0: Base on Balls
Batting: RHB John Willoughby 0-0: Ball
1-0: Fly out, F3 (Popup, 3F)
Batting: LHB Ramón Garmendia 0-0: Fielders Choice at 2nd, 1-6 (Groundball, 13)
Batting: RHB Mikko Haataja 0-0: Called Strike
0-1: Swinging Strike
0-2: Ball
1-2: Ball
2-2: 2-RUN HOME RUN (Flyball, 7LD), Distance : 332 ft
Batting: LHB Kelvin Abbott 0-0: Swinging Strike
0-1: Fly out, F9 (Line Drive, 9LD)
Bottom of the 1st over - 2 runs, 1 hit, 0 errors, 0 left on base; Nebraska 0 - Delaware 2
TOP OF THE 2ND
Nebraska Plainsmen batting - Pitching for Delaware 1787 BC : LHP José Cotilla
Batting: SHB Rafael Porfrio 0-0: Called Strike
0-1: Fly out, F8 (Flyball, 8RS)
Batting: RHB Alco Compagne 0-0: Called Strike
0-1: Foul Ball, location: 2F
0-2: Strikes out looking
Batting: RHB Dan Hendricks 0-0: Swinging Strike
0-1: Swinging Strike
0-2: Ball
1-2: Strikes out looking
Top of the 2nd over - 0 runs, 0 hits, 0 errors, 0 left on base; Nebraska 0 - Delaware 2
BOTTOM OF THE 2ND
Delaware 1787 BC batting - Pitching for Nebraska Plainsmen : RHP Liam Thomson
Batting: RHB Tomás Cameros 0-0: Ball
1-0: Fly out, F9 (Flyball, 9S)
Batting: SHB Curt Pack 0-0: Swinging Strike
0-1: Ground out U3 (Groundball, 34)
Batting: LHB Bryce Abood 0-0: Ball
1-0: Swinging Strike
1-1: Ground out 4-3 (Groundball, 4)
Bottom of the 2nd over - 0 runs, 0 hits, 0 errors, 0 left on base; Nebraska 0 - Delaware 2
TOP OF THE 3RD
Nebraska Plainsmen batting - Pitching for Delaware 1787 BC : LHP José Cotilla
Batting: RHB Shelby Loudenslager 0-0: Ball
1-0: Swinging Strike
1-1: Called Strike
1-2: Ball
2-2: Strikes out swinging
Batting: RHB Calvin Blonke 0-0: Ball
1-0: Swinging Strike
1-1: Ground out 6-3 (Groundball, 56)
Batting: RHB Martin Dalling 0-0: Called Strike
0-1: Ground out 6-3 (Groundball, 6)
Top of the 3rd over - 0 runs, 0 hits, 0 errors, 0 left on base; Nebraska 0 - Delaware 2
BOTTOM OF THE 3RD
Delaware 1787 BC batting - Pitching for Nebraska Plainsmen : RHP Liam Thomson
Batting: RHB Félix Ellard 0-0: Called Strike
0-1: Ball
1-1: Foul Ball, location: 2F
1-2: Fly out, F3 (Popup, 3F)
Batting: RHB Jesús Guzmán 0-0: Ball
1-0: Called Strike
1-1: Foul Ball, location: 2F
1-2: Ground out 6-3 (Groundball, 6)
Batting: RHB John Willoughby 0-0: Ground out 6-3 (Groundball, 6M)
Bottom of the 3rd over - 0 runs, 0 hits, 0 errors, 0 left on base; Nebraska 0 - Delaware 2
TOP OF THE 4TH
Nebraska Plainsmen batting - Pitching for Delaware 1787 BC : LHP José Cotilla
Batting: SHB Cyrille Baffi 0-0: Foul Ball, location: 2F
0-1: Foul Ball, location: 2F
0-2: Ground out 4-3 (Groundball, 4S)
Batting: LHB Gerardo Ponce de Leon 0-0: Ball
1-0: SINGLE (Flyball, 89S)
Batting: SHB Allen Pandey 0-0: Ball
1-0: Foul Ball, location: 2F
1-1: Called Strike
1-2: Foul Ball, location: 2F
1-2: Strikes out swinging
Batting: SHB Rafael Porfrio 0-0: Called Strike
0-1: Swinging Strike
0-2: Ball
1-2: Ball
2-2: Ball
3-2: Strikes out looking
Top of the 4th over - 0 runs, 1 hit, 0 errors, 1 left on base; Nebraska 0 - Delaware 2
BOTTOM OF THE 4TH
Delaware 1787 BC batting - Pitching for Nebraska Plainsmen : RHP Liam Thomson
Batting: LHB Ramón Garmendia 0-0: Ball
1-0: Called Strike
1-1: SINGLE (Line Drive, 9S)
Batting: RHB Mikko Haataja 0-0: Ball
1-0: Ball
2-0: Foul Ball, location: 2F
2-1: Foul Ball, location: 2F
2-2: Ball
3-2: Grounds into double play, 5-4-3 (Groundball, 5L)
Batting: LHB Kelvin Abbott 0-0: Ball
1-0: Foul Ball, location: 2F
1-1: Foul Ball, location: 2F
1-2: Ball
2-2: SINGLE (Line Drive, 3D)
Batting: RHB Tomás Cameros 0-0: Ball
Kelvin Abbott steals 2nd base
1-0: Foul Ball, location: 2F
1-1: Foul Ball, location: 2F
1-2: Ground out 6-3 (Groundball, 6S)
Bottom of the 4th over - 0 runs, 2 hits, 0 errors, 1 left on base; Nebraska 0 - Delaware 2
TOP OF THE 5TH
Nebraska Plainsmen batting - Pitching for Delaware 1787 BC : LHP José Cotilla
Batting: RHB Alco Compagne 0-0: Ball
1-0: Called Strike
1-1: Swinging Strike
1-2: Foul Ball, location: 2F
1-2: Ball
2-2: Ball
3-2: Base on Balls
Batting: RHB Dan Hendricks 0-0: Ball
1-0: Ball
2-0: Foul Ball, location: 2F
2-1: Swinging Strike
2-2: Fielders Choice at 2nd, 3-6 (Groundball, 3)
Batting: RHB Shelby Loudenslager 0-0: Called Strike
0-1: Foul Ball, location: 2F
0-2: Foul Ball, location: 2F
0-2: Ball
1-2: Fly out, F9 (Flyball, 9D)
Batting: RHB Calvin Blonke 0-0: Ball
1-0: Called Strike
1-1: Called Strike
1-2: Strikes out swinging
Top of the 5th over - 0 runs, 0 hits, 0 errors, 1 left on base; Nebraska 0 - Delaware 2
BOTTOM OF THE 5TH
Delaware 1787 BC batting - Pitching for Nebraska Plainsmen : RHP Liam Thomson
Batting: SHB Curt Pack 0-0: Ball
1-0: Foul Ball, location: 2F
1-1: Foul Ball, location: 2F
1-2: Ball
2-2: Foul Ball, location: 2F
2-2: Ball
3-2: Fly out, F4 (Popup, 4MS)
Batting: LHB Bryce Abood 0-0: Foul Ball, location: 2F
0-1: Foul Ball, location: 2F
0-2: Ball
1-2: Ground out 4-3 (Groundball, 4)
Batting: RHB Félix Ellard 0-0: Ball
1-0: Foul Ball, location: 2F
1-1: Fly out, F8 (Flyball, 89XD)
Bottom of the 5th over - 0 runs, 0 hits, 0 errors, 0 left on base; Nebraska 0 - Delaware 2
TOP OF THE 6TH
Nebraska Plainsmen batting - Pitching for Delaware 1787 BC : LHP José Cotilla
Batting: RHB Martin Dalling 0-0: Ball
1-0: Ball
2-0: Foul Ball, location: 2F
2-1: Ball
3-1: SINGLE (Groundball, 6D)
Batting: SHB Cyrille Baffi 0-0: Bunted foul
0-1: Bunted foul
0-2: Strikes out swinging
Batting: LHB Gerardo Ponce de Leon 0-0: Ball
1-0: Called Strike
1-1: Ball
2-1: Foul Ball, location: 2F
2-2: Fly out, F9 (Flyball, 89D)
Batting: SHB Allen Pandey 0-0: Ground out 1-3 (Groundball, 13)
Top of the 6th over - 0 runs, 1 hit, 0 errors, 1 left on base; Nebraska 0 - Delaware 2
BOTTOM OF THE 6TH
Delaware 1787 BC batting - Pitching for Nebraska Plainsmen : RHP Liam Thomson
Batting: RHB Jesús Guzmán 0-0: Ball
1-0: Foul Ball, location: 2F
1-1: Called Strike
1-2: Ball
2-2: SOLO HOME RUN (Line Drive, 7D), Distance : 369 ft
Batting: RHB John Willoughby 0-0: Fly out, F7 (Line Drive, 7)
Batting: LHB Ramón Garmendia 0-0: Ball
1-0: Foul Ball, location: 2F
1-1: Fly out, F8 (Flyball, 8RD)
Batting: RHB Mikko Haataja 0-0: Swinging Strike
0-1: Ball
1-1: Ground out 5-3 (Groundball, 56)
Bottom of the 6th over - 1 run, 1 hit, 0 errors, 0 left on base; Nebraska 0 - Delaware 3
TOP OF THE 7TH
Nebraska Plainsmen batting - Pitching for Delaware 1787 BC : LHP José Cotilla
Batting: SHB Rafael Porfrio 0-0: Called Strike
0-1: Ball
1-1: Foul Ball, location: 2F
1-2: Strikes out swinging
Batting: RHB Alco Compagne 0-0: Foul Ball, location: 2F
0-1: Called Strike
0-2: Ball
1-2: DOUBLE (Line Drive, 9LS)
Batting: RHB Dan Hendricks 0-0: Called Strike
0-1: Ball
1-1: Fly out, F6 (Line Drive, 6)
Batting: RHB Shelby Loudenslager 0-0: Ball
1-0: Ball
2-0: Ball
3-0: Swinging Strike
3-1: Foul Ball, location: 2F
3-2: Strikes out swinging
Top of the 7th over - 0 runs, 1 hit, 0 errors, 1 left on base; Nebraska 0 - Delaware 3
BOTTOM OF THE 7TH
Delaware 1787 BC batting - Pitching for Nebraska Plainsmen : RHP Liam Thomson
Batting: LHB Kelvin Abbott 0-0: Ball
1-0: Ball
2-0: Called Strike
2-1: Swinging Strike
2-2: Ball
3-2: Foul Ball, location: 2F
3-2: Foul Ball, location: 2F
3-2: Foul Ball, location: 2F
3-2: Fly out, F7 (Flyball, 7)
Batting: RHB Tomás Cameros 0-0: Called Strike
0-1: Called Strike
0-2: Foul Ball, location: 2F
0-2: Foul Ball, location: 2F
0-2: SOLO HOME RUN (Flyball, 9LD), Distance : 327 ft
Batting: SHB Curt Pack 0-0: Foul Ball, location: 2F
0-1: Ball
1-1: Foul Ball, location: 2F
1-2: Strikes out swinging
Batting: LHB Bryce Abood 0-0: SINGLE (Line Drive, 6M)
Batting: RHB Félix Ellard 0-0: Fly out, F7 (Flyball, 78M)
Bottom of the 7th over - 1 run, 2 hits, 0 errors, 1 left on base; Nebraska 0 - Delaware 4
TOP OF THE 8TH
Nebraska Plainsmen batting - Pitching for Delaware 1787 BC : LHP José Cotilla
Batting: RHB Calvin Blonke 0-0: Ball
1-0: Ball
2-0: Fly out, F5 (Popup, 5S)
Batting: RHB Martin Dalling 0-0: Ground out 5-3 (Groundball, 56)
Batting: SHB Cyrille Baffi 0-0: Ball
1-0: Ball
2-0: Swinging Strike
2-1: Called Strike
2-2: Strikes out swinging
Top of the 8th over - 0 runs, 0 hits, 0 errors, 0 left on base; Nebraska 0 - Delaware 4
BOTTOM OF THE 8TH
Delaware 1787 BC batting - Pitching for Nebraska Plainsmen : RHP Liam Thomson
Batting: RHB Jesús Guzmán 0-0: Foul Ball, location: 2F
0-1: Ball
1-1: Foul Ball, location: 2F
1-2: Ball
2-2: Ground out 4-3 (Groundball, 4M)
Batting: RHB John Willoughby 0-0: Called Strike
0-1: SINGLE (Groundball, 6MD)
Batting: LHB Ramón Garmendia 0-0: Ball
1-0: Called Strike
1-1: Called Strike
1-2: Foul Ball, location: 2F
1-2: Ball
2-2: Fly out, F9 (Flyball, 9LSF)
Batting: RHB Mikko Haataja 0-0: Fly out, F8 (Flyball, 8RD)
Bottom of the 8th over - 0 runs, 1 hit, 0 errors, 1 left on base; Nebraska 0 - Delaware 4
TOP OF THE 9TH
Nebraska Plainsmen batting - Pitching for Delaware 1787 BC : LHP José Cotilla
Batting: LHB Gerardo Ponce de Leon 0-0: Ball
1-0: Swinging Strike
1-1: Called Strike
1-2: Ground out 4-3 (Groundball, 4)
Batting: SHB Allen Pandey 0-0: Called Strike
0-1: Swinging Strike
0-2: Ball
1-2: SINGLE (Groundball, 34D)
Pitching: RHP Jay Mahabir
Batting: SHB Rafael Porfrio 0-0: Called Strike
0-1: Foul Ball, location: 2F
0-2: Foul Ball, location: 2F
0-2: Strikes out swinging
Batting: RHB Alco Compagne 0-0: Called Strike
0-1: Foul Ball, location: 2F
0-2: Foul Ball, location: 2F
0-2: Foul Ball, location: 2F
0-2: Foul Ball, location: 2F
0-2: Strikes out swinging
Top of the 9th over - 0 runs, 1 hit, 0 errors, 1 left on base; Nebraska 0 - Delaware 4
Tuesday, December 19th, 2017 - OOTP Baseball 18.8 Build 76